 Dungeon Crawl Stone Soup version 0.24.0-123-gd5b16e6ec5 (webtiles) character file.

Game seed: 10654741065470038884, levelgen mode: deterministic

576 brucemayne the Cleaver (level 7, 0/57 HPs)
             Began as a Hill Orc Monk on Jan 23, 2020.
             Was a Believer of Makhleb.
             Slain by a centaur zombie (1 damage)
             ... in an ossuary.
             The game lasted 00:06:30 (2061 turns).

brucemayne the Cleaver (Hill Orc Monk)              Turns: 2061, Time: 00:06:31

Health: 0/57       AC:  6    Str: 16    XL:     7   Next: 35%
Magic:  8/15       EV: 11    Int: 10    God:    Makhleb [**....]
Gold:   129        SH:  0    Dex: 13    Spells: 6/6 levels left

rFire    . . .     SeeInvis .   a - +0 hand axe
rCold    . . .     Gourm    .   (no shield)
rNeg     . . .     Faith    .   i - +0 ring mail
rPois    .         Spirit   .   (no helmet)
rElec    .         Reflect  .   (no cloak)
rCorr    .         Harm     .   (no gloves)
MR       .....                  o - +0 pair of boots
Stlth    +.........             (no amulet)
HPRegen  0.19/turn              (no ring)
MPRegen  0.14/turn              (no ring)

@: marked, flying
A: no striking features
a: Minor Destruction, Renounce Religion


You were in an ossuary.
You worshipped Makhleb.
Makhleb was pleased with you.
You were not hungry.

You visited 1 branch of the dungeon, and saw 5 of its levels.
You also visited: Ossuary.

You collected 129 gold pieces.

Inventory:

Hand Weapons
 a - a +0 hand axe (weapon)
 p - a +0 short sword of venom
Missiles
 d - 17 stones
 k - 9 curare-tipped darts (quivered)
 q - 12 javelins
Armour
 b - a +0 robe
 i - a +0 ring mail (worn)
 o - a +0 pair of boots (worn)
Jewellery
 j - a -2 ring of slaying
Wands
 m - a wand of disintegration (4)
Scrolls
 n - 2 scrolls of identify {unknown}
 r - a scroll of teleportation {unknown}
Potions
 h - a potion of mutation {unknown}
 l - 3 potions of flight
Comestibles
 c - 5 rations


   Skills:
 - Level 3.6 Fighting
 + Level 13.3 Axes
 - Level 2.4 Dodging
 - Level 1.5 Stealth
 + Level 11.4 Invocations
 - Level 3.1 Evocations


You had 6 spell levels left.
You didn't know any spells.
Your spell library contained the following spells:

 Spells                   Type           Power        Failure   Level  Hunger
 Animate Skeleton         Necr           N/A          58%         1    ##.....
 Pain                     Necr           #...         58%         1    ##.....
 Regeneration             Chrm/Necr      #.........   91%         3    ####...
 Vampiric Draining        Necr           #.........   91%         3    ####...
 Animate Dead             Necr           N/A          100%        4    #####..


Dungeon Overview and Level Annotations

Branches:
Dungeon (5/15)            Ossuary (1/1)
 Temple: D:4-7

Altars:
Dithmenos
Makhleb

Annotations:
D:2 1 runed translucent door, Crazy Yiuf


Message History

Your Invocations skill gained 10 levels and is now at level 11!
You have reached level 7!
The centaur zombie hits you but does no damage.
The elf zombie hits you.
* * * LOW HITPOINT WARNING * * *
Okay, then.
Evoke which item? (* to show all) (? for menu, Esc to quit)
Okay, then.
Okay, then.
Okay, then.
It was a potion of heal wounds.
You feel much better. The centaur zombie hits you!
* * * LOW HITPOINT WARNING * * *
The centaur zombie hits you.
* * * LOW HITPOINT WARNING * * *
The elf zombie hits you.
* * * LOW HITPOINT WARNING * * *
Okay, then.
The centaur zombie hits you.
You die...

#..ZM.MZ.MZ.........
#..M######ZZ######..
#...# #..# #.ZZ#
#..# #.Z.# #ZZ#
#.ZZ#.Z...Z.Z..Z.#
#.ZZ#...Z.M.####.#
#.Z.#.....MZ#
#..@#.......#
#...#.....∩.#
#...####'.... #...#
.#...# #...#
#...##############
#.................
#.........∩∩......
##################


You could see a mummy, a jackal zombie, 2 hobgoblin zombies, 2 elf zombies, 2
centaur zombies and a human zombie.

Vanquished Creatures
  An orc priest (D:5)
  2 centaur zombies (Ossuary)
  2 hounds (D:4)
  An iguana (D:5)
  A worker ant (D:4)
  An adder (D:5)
  A dart slug (D:2)
  4 leopard geckos
  6 orcs
  A ball python (D:3)
  4 bats
  6 giant cockroaches
  4 goblins
  5 hobgoblins
  4 jackals (D:3)
  4 kobolds
  2 quokkas
  6 frilled lizards
  5 hobgoblin zombies (Ossuary)
  9 kobold zombies (Ossuary)
  7 orc zombies (Ossuary)
  2 quokka zombies (D:4)
  3 rats (D:1)
81 creatures vanquished.

Notes
Turn   | Place    | Note
-------+----------+-------------------------------------------
     0 | D:1      | brucemayne the Hill Orc Monk began the quest for the Orb.
     0 | D:1      | Reached XP level 1. HP: 19/19 MP: 1/1
   159 | D:2      | Found a runed translucent door.
   160 | D:2      | Noticed Crazy Yiuf
   213 | D:1      | Reached XP level 2. HP: 25/26 MP: 2/2
   334 | D:1      | Reached skill level 5 in Axes
   997 | D:1      | Reached XP level 3. HP: 31/31 MP: 3/3
  1561 | D:3      | Reached skill level 1 in Evocations
  1570 | D:4      | Noticed an ogre
  1605 | D:3      | Found a shadowy altar of Dithmenos.
  1687 | D:3      | Reached XP level 4. HP: 39/39 MP: 5/5
  1738 | D:4      | Reached XP level 5. HP: 44/45 MP: 5/7
  1743 | D:4      | Reached skill level 6 in Axes
  1787 | D:5      | Entered Level 5 of the Dungeon
  1808 | D:5      | Found a burning altar of Makhleb.
  1811 | D:5      | Reached skill level 7 in Axes
  1815 | D:5      | Became a worshipper of Makhleb the Destroyer
  1815 | D:5      | Reached * piety under Makhleb
  1815 | D:5      | Reached ** piety under Makhleb
  1918 | D:4      | Found a sand-covered staircase.
  1925 | Ossuary  | Entered an ossuary
  1960 | Ossuary  | Reached XP level 6. HP: 40/51 MP: 8/8
  2042 | Ossuary  | Reached skill level 1 in Invocations
  2058 | Ossuary  | HP: 2/51 [centaur zombie (2)]
  2059 | Ossuary  | Reached skill level 13 in Axes
  2059 | Ossuary  | Reached XP level 7. HP: 2/57 MP: 8/15
  2061 | Ossuary  | Slain by a centaur zombie

Levels and vault maps discovered:
D:1:      dpeg_arrival_snail, layout_basic
D:2:      layout_basic, serial_curves, eino_curves_03, eino_curves_01,
          eino_curves_02, eino_curves_03, uniq_crazy_yiuf_cottage
D:3:      layout_basic, nicolae_dithmenos_through_a_glass_darkly
D:4:      layout_rooms, enter_ossuary_4, first_ration
D:5:      minmay_bubble_buster, layout_cave_pools, kennysheep_little_box,
          minmay_crystal_room, uniq_sigmund, uniq_menkaure, uniq_grinder,
          uniq_ijyb
Ossuary:  ossuary_tomb_1

Skill      XL: |  1  2  3  4  5  6 |
---------------+-------------------+-----
Axes           | 5 7 13 | 13.3
Evocations     | 1 3 |  3.1
Invocations    | 11 | 11.4
Fighting       | |  3.6
Dodging        | |  2.4
Stealth        | |  1.5

Action                   |  1- 3 |  4- 6 |  7- 9 || total
-------------------------+-------+-------+-------++-------
Melee: Hand axe          |   137 |   126 |       ||   263
Throw: Dart              |     2 |       |       ||     2
Evoke: Wand              |       |    10 |       ||    10
  Use: Scroll            |     3 |     1 |       ||     4
       Potion            |       |     2 |     1 ||     3
 Stab: Sleeping          |     4 |       |       ||     4
  Eat: Chunk             |     3 |       |       ||     3
       Ration            |       |     1 |       ||     1
Armor: Robe              |     2 |       |       ||     2
       Ring mail         |    53 |    72 |     1 ||   126
Dodge: Dodged            |   104 |   103 |       ||   207
